 Dungeon Crawl Stone Soup version 0.19.1 (webtiles) character file.

280 Host24 the Skirmisher (level 6, 0/42 HPs)
             Began as a Kobold Hunter on Dec 31, 2016.
             Slain by Edmund
             ... wielding a +5 dire flail of protection
              (13 damage)
             ... on level 4 of the Dungeon.
             The game lasted 00:04:49 (3205 turns).

Host24 the Skirmisher (Kobold Hunter)               Turns: 3205, Time: 00:04:49

Health: 0/42       AC:  4    Str:  9    XL:     6   Next: 52%
Magic:  6/6        EV: 15    Int: 12    God:
Gold:   160        SH:  0    Dex: 18    Spells: 0 memorised, 5 levels left

rFire  . . .     SeeInvis .     a - +1 hand crossbow
rCold  . . .     Gourm    .     c - +0 leather armour
rNeg   . . .     Faith    .     (shield restricted)
rPois  .         Spirit   .     (no helmet)
rElec  .         Reflect  .     (no cloak)
rCorr  .         Harm     .     n - +0 pair of gloves
MR     .....                    (no boots)
Stlth  ++........               (no amulet)
                                (no ring)
                                (no ring)

@: no status effects
A: carnivore 3
a: no special abilities


You were on level 4 of the Dungeon.
You were completely stuffed.

You visited 1 branch of the dungeon, and saw 4 of its levels.

You collected 160 gold pieces.

Inventory:

Hand Weapons
 a - a +1 hand crossbow (weapon)
 b - a +0 short sword
Missiles
 d - 57 bolts (quivered)
 e - 119 stones
 i - 65 arrows
 j - 43 sling bullets
Armour
 c - a +0 leather armour (worn)
 n - a +0 pair of gloves (worn)
Jewellery
 p - an uncursed amulet of guardian spirit {unknown}
Scrolls
 k - a scroll of amnesia
 l - a scroll of remove curse
 o - a scroll of noise {unknown}
 q - a scroll of teleportation {unknown}
 r - a scroll of enchant weapon {unknown}
Potions
 h - 2 potions of might {unknown}
 m - a potion of lignification
Comestibles
 f - 2 meat rations
 g - 4 beef jerkies
 s - a chunk of flesh


   Skills:
 + Level 6.6 Fighting
 - Level 5.0 Crossbows
 - Level 3.2 Dodging
 - Level 1.3 Stealth


You had 5 spell levels left.
You didn't know any spells.

Dungeon Overview and Level Annotations

Branches:
Dungeon (4/15)
 Temple: D:4-7

Altars:

Annotations:
D:4 Edmund


Innate Abilities, Weirdness & Mutations

You are small and have problems with some larger weapons.
You are carnivorous and can eat meat at any time.


Message History

Aim: Edmund, wielding a dire flail of protection and wearing a chain mail You shoot a bolt.
The bolt hits Edmund.
Edmund is lightly wounded.
Edmund hits you with a dire flail of protection.
Edmund hits you with a dire flail of protection!
Firing (i - inventory. (,) - cycle):
d - 59 bolts (quivered)
Press: ? - help, Shift-Dir - straight line, f/p - Edmund
Aim: Edmund, wielding a dire flail of protection and wearing a chain mail (lightly wounded)
You shoot a bolt.
The bolt hits Edmund but does no damage.
Edmund is lightly wounded.
Edmund hits you with a dire flail of protection!
Firing (i - inventory. (,) - cycle):
d - 58 bolts (quivered)
Press: ? - help, Shift-Dir - straight line, f/p - Edmund
Aim: Edmund, wielding a dire flail of protection and wearing a chain mail (lightly wounded)
You shoot a bolt.
The bolt hits Edmund but does no damage.
Edmund is lightly wounded.
Edmund hits you with a dire flail of protection!
You die...

...# #..# # ######..#
.. #. ..#.<#..#
##..#(#######.#.##..#
......@...>...#.##..#
#@......#.##..#
#.#####.#.##..# #.#
#.#.....# #.#
#.#####.# #.# #.# #.#
#.# #.#####.# #.#
#.......# #.#
#########


You could see Edmund.

Vanquished Creatures
  A big kobold (D:3)
  A howler monkey (D:3)
  A hound (D:3)
  5 adders
  2 worms
  4 dart slugs
  4 leopard geckos
  3 orcs
  8 bats
  5 giant cockroaches
  11 hobgoblins
  7 jackals
  A quokka (D:2)
  2 ball pythons
  3 frilled lizards
  7 goblins
  8 kobolds
  2 rats
75 creatures vanquished.

Notes
Turn   | Place    | Note
-------+----------+-------------------------------------------
     0 | D:1      | Host24 the Kobold Hunter began the quest for the Orb.
     0 | D:1      | Reached XP level 1. HP: 12/12 MP: 1/1
   399 | D:1      | Reached XP level 2. HP: 13/18 MP: 2/2
   438 | D:1      | Reached skill level 3 in Fighting
   685 | D:1      | Reached XP level 3. HP: 8/23 MP: 3/3
  1138 | D:1      | Reached skill level 5 in Crossbows
  1665 | D:2      | Reached XP level 4. HP: 13/29 MP: 4/4
  1773 | D:2      | Reached skill level 4 in Fighting
  2348 | D:3      | Reached skill level 5 in Fighting
  2348 | D:3      | Reached XP level 5. HP: 8/35 MP: 5/5
  2728 | D:3      | Noticed a big kobold
  2737 | D:3      | Killed a big kobold
  2737 | D:3      | Reached skill level 6 in Fighting
  2737 | D:3      | Reached XP level 6. HP: 41/41 MP: 6/6
  3198 | D:4      | Noticed Edmund
  3205 | D:4      | Slain by Edmund

Skill      XL: |  1  2  3  4  5 |
---------------+----------------+-----
Fighting       | 3 5 6 |  6.6
Dodging        | 3 |  3.2
Crossbows      | 5 |  5.0
Stealth        | |  1.3

Action                   |  1- 3 |  4- 6 || total
-------------------------+-------+-------++-------
Melee: Short sword       |   134 |   102 ||   236
 Fire: Hand crossbow     |     7 |    61 ||    68
  Use: Scroll            |       |     3 ||     3
       Potion            |       |     3 ||     3
 Stab: Sleeping          |     4 |     4 ||     8
  Eat: Chunk             |    11 |     5 ||    16
Armor: Leather armour    |    38 |    20 ||    58
       Skin              |       |    33 ||    33
Dodge: Dodged            |   161 |   129 ||   290
